Map: Overgrowth LE (Void)

Players

shadow - Winner!

  • Race: Zerg Zerg
  • League: Gold
  • Spawn Location: 1:00

Fropez

  • Race: Protoss Protoss
  • League: Gold
  • Spawn Location: 7:00

VOD

Have the link to the VOD?

Description

Time

  • Played on: Dec. 31, 2016, 8:08 p.m.
  • Length: 10:18
Show
View Real Time Build Order
Export as new Build Order

shadow Zerg - Winner!

Build Orders: Hatch First 

Get SALT Encoding   

  12  0:01  Drone  
  13  0:11  Drone  
  14  0:18  Overlord  
  14  0:42  Hatchery  
  13  0:46  Drone  
  15  0:50  Drone  
  15  0:55  Drone  
  16  0:57  Extractor  
  16  1:03  Drone  
  16  1:16  Spawning Pool  
  15  1:21  Drone  
  15  1:23  Drone  
  17  1:52  Drone  
  18  1:56  Drone  
  18  1:59  Hatchery  
  18  2:03  Drone  
  18  2:05  Drone  
  20  2:09  Drone  
  21  2:16  Overlord  
  21  2:21  Metabolic Boost  
  23  2:30  Zergling x4  
  23  2:31  Zergling x2  
  23  2:35  Zergling x2  
  23  2:36  Zergling x2  
  26  2:40  Zergling x2  
  27  3:03  Zergling x8  
  27  3:04  Queen  
  33  3:07  Queen  
  35  3:15  Overlord  
  32  3:37  Extractor, Roach Warren, Drone  
  32  3:38  Drone x4  
  35  3:57  Lair  
  35  4:02  Drone x5  
  40  4:04  Drone  
  40  4:09  Extractor  
  40  4:12  Extractor  
  39  4:18  Evolution Chamber  
  38  4:27  Queen  
  38  4:30  Drone x5  
  42  4:47  Zergling x4, Drone  
  42  4:48  Zergling x6  
  42  5:21  Drone x2, Roach  
  43  5:22  Roach x2  
  43  5:23  Overlord x5  
  43  5:24  Overlord  
  49  5:48  Zerg Ground Armor Level 1  
  49  5:52  Glial Reconstitution, Hydralisk Den  
  49  5:56  Burrow  
  48  6:03  Drone x7  
  48  6:04  Drone x3  
  58  6:05  Drone  
  58  6:07  Drone  
  58  6:10  Drone x2  
  62  6:18  Pneumatized Carapace  
  62  6:26  Drone x2  
  62  6:27  Drone x5  
  69  6:36  Muscular Augments  
  69  6:47  Overlord x3  
  69  6:50  Drone x2  
  69  6:52  Roach x3  
  77  6:54  Roach  
  77  6:56  Roach  
  81  7:07  Roach  
  81  7:08  Hydralisk, Roach x4  
  91  7:09  Hydralisk  
  91  7:11  Tunneling Claws  
  91  7:12  Hydralisk  
  97  7:31  Extractor  
  97  7:32  Extractor, Drone x2  
  97  7:33  Drone x6  
  103  7:42  Zerg Missile Weapons Level 1  
  103  8:04  Hydralisk x9  
  121  8:06  Overlord  
  121  8:07  Overlord x3  
  121  8:20  Infestation Pit  
  121  8:25  Spire  
  119  8:37  Hydralisk  
  119  8:38  Hydralisk x7  
  119  8:40  Hydralisk  
  137  8:43  Hydralisk, Hatchery  
  138  8:55  Baneling Nest  
  137  8:59  Hive  
  137  9:01  Evolution Chamber, Hydralisk  
  139  9:02  Zergling x2  
  139  9:03  Zergling x20  
  139  9:04  Zergling x2  
  144  9:37  Roach x5  
  142  9:59  Roach  
Show
View Real Time Build Order
Export as new Build Order

Fropez Protoss 

Build Orders: Nexus First 

Get SALT Encoding   

  12  0:01  Probe (Chrono Boost)  
  13  0:11  Probe (Chrono Boost)  
  14  0:29  Probe (Chrono Boost)  
  14  0:32  Pylon  
  15  0:51  Probe (Chrono Boost)  
  16  1:00  Nexus  
  16  1:01  Probe (Chrono Boost)  
  17  1:06  Assimilator  
  17  1:12  Probe (Chrono Boost)  
  18  1:23  Gateway  
  18  1:26  Probe (Chrono Boost)  
  19  1:36  Probe (Chrono Boost)  
  21  1:47  Probe (Chrono Boost)  
  21  1:57  Probe (Chrono Boost)  
  22  2:05  Gateway  
  22  2:15  Cybernetics Core  
  22  2:19  Pylon  
  22  2:22  Probe (Chrono Boost)  
  23  2:23  Probe (Chrono Boost)  
  23  2:27  Assimilator  
  24  2:32  Probe (Chrono Boost)  
  24  2:35  Probe (Chrono Boost)  
  26  2:45  Probe (Chrono Boost)  
  26  2:47  Probe (Chrono Boost)  
  26  2:48  Pylon  
  28  2:53  Adept x2  
  28  2:58  Mothership Core (Chrono Boost)  
  34  3:00  Probe (Chrono Boost)  
  34  3:01  Pylon  
  35  3:10  Probe (Chrono Boost)  
  36  3:13  Warp Gate  
  36  3:14  Twilight Council  
  36  3:16  Probe (Chrono Boost)  
  37  3:23  Pylon  
  37  3:35  Adept  
  37  3:36  Adept, Probe (Chrono Boost)  
  37  3:38  Resonating Glaives, Probe (Chrono Boost)  
  37  3:39  Assimilator  
  43  3:47  Assimilator  
  43  3:48  Probe (Chrono Boost)  
  44  3:50  Probe (Chrono Boost)  
  45  4:00  Pylon, Probe (Chrono Boost)  
  45  4:02  Probe (Chrono Boost)  
  47  4:09  Adept  
  49  4:11  Adept  
  49  4:12  Probe (Chrono Boost)  
  49  4:14  Probe (Chrono Boost)  
  54  4:24  Probe (Chrono Boost)  
  54  4:26  Probe (Chrono Boost)  
  55  4:36  Probe (Chrono Boost)  
  55  4:38  Gateway, Robotics Facility  
  57  4:39  Probe (Chrono Boost)  
  57  4:48  Probe (Chrono Boost)  
  57  4:51  Probe (Chrono Boost)  
  59  4:54  Adept x2  
  61  5:19  Probe (Chrono Boost)  
  61  5:20  Probe (Chrono Boost)  
  57  5:21  Forge  
  57  5:22  Pylon  
  57  5:23  Forge  
  57  5:26  Pylon  
  57  5:34  Pylon  
  59  5:36  Probe x2 (Chrono Boost)  
  59  5:38  Adept  
  59  5:39  Adept, Protoss Ground Weapons Level 1  
  59  5:41  Protoss Ground Armor Level 1  
  63  5:43  Nexus  
  63  5:48  Warp Prism, Probe x2 (Chrono Boost)  
  67  5:59  Stalker  
  67  6:01  Stalker  
  72  6:06  Probe x2 (Chrono Boost)  
  73  6:12  Pylon  
  73  6:19  Pylon  
  73  6:23  Probe (Chrono Boost)  
  73  6:25  Assimilator  
  74  6:28  Adept  
  74  6:29  Adept  
  78  6:36  Gateway  
  78  6:42  Photon Cannon  
  78  6:46  Gateway  
  78  6:50  Pylon  
  78  6:52  Photon Cannon  
  78  6:54  Gateway  
  78  6:58  Adept x3  
  84  7:02  Photon Cannon  
  84  7:20  Photon Cannon  
  84  7:21  Probe x2 (Chrono Boost)  
  84  7:22  Photon Cannon, Protoss Ground Weapons Level 2  
  86  7:25  Photon Cannon  
  86  7:26  Protoss Ground Armor Level 2  
  86  7:27  Gateway  
  86  7:29  Stalker x3  
  92  7:37  Templar Archives  
  92  7:39  Probe x2 (Chrono Boost)  
  94  7:48  Blink  
  96  7:52  Probe x3 (Chrono Boost)  
  97  8:04  Probe x2 (Chrono Boost)  
  99  8:07  Sentry x5  
  109  8:15  Adept  
  111  8:27  Assimilator  
  111  8:29  Probe x2 (Chrono Boost)  
  113  8:38  Stalker x2  
  117  8:43  Sentry x4  
  125  9:11  Stalker x4  
  125  9:12  Stalker x2  
  121  9:35  Sentry x4  
  121  9:36  Sentry x3  
  107  10:08  Photon Cannon  
Tags
 
Add a new tag
Caveats
  • Supply blocks, unpowered buildings, or Contaminate may cause inaccurate times.
  • Supply counts are checked every 10 seconds.